cohdb
Replays
Latest Replays
All Replays
Popular Replays
Top Player Replays
Match Explorer
How It Works
Community
CoH3 Stats
Reddit
Sign in to upload your games and track your stats! →
Sign in with Steam
Match 43661352
Unlisted
Match 43661352
Overview
Messages
Build Orders
End
Kradschützen Motorcycle Team
Panzerpioneer Squad
250 Light Carrier
Panzergrenadier Squad
Construct Light Support Kompanie
Fire Support Elements
Combat Half-tracks
MG34 Team
Selects Armored Support Battlegroup
Selects Veteran Gunners
Assault Mechanized Group
Flakvierling Half-track
Pak 38 Anti-tank Gun Team
2.5-tonne Medical Truck
Veteran Squad Leaders
Construct Panzerarmee Kommand
Selects Flammpanzer III Medium Tank
Selects Salvage Kits
Flammpanzer III Medium Tank
Advanced Field Repairs
Walking Stuka Rocket Launcher
Selects Command Panzer IV F Medium Tank
Kradschützen Motorcycle Team
Armored Reserves
MG34 Team
Selects Panzer Storm
Panzer IV Assault Group
Selects Stuka Anti-tank Loiter
Panzer III L Medium Tank
Vehicle Survival Package
Stuka Anti-tank Loiter
Tungsten Core Ammunition
Panzer Storm
Ace
鸠
hogarthw
Dr.eiser
GaisbergKing
gorcky17
0
0
Comments
sign in to comment!
No comments posted yet!